 Dungeon Crawl Stone Soup version 0.23.2-1-ga50397a6bc (webtiles) character file.

Game seed: 7978810518915620201

4056 Marnok the Spear-Bearer (level 10, 0/77 HPs)
             Began as a Demonspawn Abyssal Knight on Apr 21, 2019.
             Was an Elder of Lugonu.
             Slain by a wyvern (10 damage)
             ... on level 7 of the Dungeon.
             The game lasted 00:30:41 (9660 turns).

Marnok the Spear-Bearer (Demonspawn Abyssal Knight) Turns: 9660, Time: 00:30:41

Health: 0/77       AC: 20    Str: 13    XL:     10   Next: 4%
Magic:  0/12       EV:  5    Int: 14    God:    Lugonu [****..]
Gold:   43         SH:  0    Dex: 15    Spells: 9/9 levels left

rFire    . . .     SeeInvis +   d - +2 spear (venom)
rCold    . . .     Gourm    .   (no shield)
rNeg     . . .     Faith    .   A - +0 plate armour
rPois    .         Spirit   +   e - +2 hat
rElec    .         Reflect  .   (no cloak)
rCorr    .         Harm     .   g - +0 pair of gloves
MR       .....                  E - +0 pair of boots
Stlth    ..........             (no amulet)
HPRegen  0.22/turn              a - +3 ring of slaying
MPRegen  0.13/turn              l - ring of see invisible

@: about to teleport
A: horns 2, thin metallic scales 2, magic shield, rot immunity
a: Depart the Abyss, Bend Space, Banish, Corrupt, Renounce Religion


You were on level 7 of the Dungeon.
You worshipped Lugonu.
Lugonu was greatly pleased with you.
You were not hungry.

You visited 1 branch of the dungeon, and saw 8 of its levels.
You visited the Abyss 1 time.

You collected 463 gold pieces.
You spent 420 gold pieces at shops.

Inventory:

Hand Weapons
 d - a +2 spear of venom (weapon)
 j - a +3 spear
 u - a +7 great sword
 w - a +2 dagger of venom
 x - a +3 flail
 y - a +0 hand axe of chopping
 F - a +0 spear
Missiles
 o - 10 tomahawks (quivered)
Armour
 b - a +1 leather armour
 e - a +2 hat (worn)
 g - a +0 pair of gloves (worn)
 s - a +0 robe of cold resistance
 A - a +0 plate armour (worn)
 E - a +0 pair of boots (worn)
Jewellery
 a - a +3 ring of slaying (left hand)
 f - an uncursed ring of stealth
 l - a ring of see invisible (right hand)
 m - an uncursed ring of protection from fire
 q - a cursed ring of wizardry
 r - an uncursed ring of resist corrosion
Wands
 C - a wand of enslavement (10)
Scrolls
 h - 2 scrolls of noise
 i - a scroll of amnesia
 p - a scroll of remove curse
 v - 6 scrolls of identify
 D - a scroll of teleportation
Potions
 k - a potion of degeneration
 t - a potion of flight
 z - a potion of mutation
Comestibles
 c - 12 rations
 B - 7 chunks of flesh


   Skills:
 + Level 6.3 Fighting
 + Level 8.6 Polearms
 + Level 2.2 Throwing
 + Level 6.3 Armour
 + Level 4.9 Dodging
 + Level 3.3 Stealth
 + Level 2.8 Invocations


You had 9 spell levels left.
You didn't know any spells.
Your spell library contained the following spells:

 Spells                   Type           Power        Failure   Level  Hunger
 Corona                   Hex            #......      100%        1    ##.....
 Ensorcelled Hibernation  Hex/Ice        #.....       100%        2    ###....
 Confuse                  Hex            #.......     100%        3    ####...
 Dazzling Spray           Conj/Hex       #.....       100%        3    ####...
 Tukima's Dance           Hex            #.......     100%        3    ####...


Dungeon Overview and Level Annotations

Branches:
Dungeon (8/15)             Temple (0/1) D:7
   Lair: D:8-11

Altars:
Nemelex Xobeh
Okawaru
Ru

Shops:
D:4 *   D:5 *   D:7 ?


Innate Abilities, Weirdness & Mutations

You have a pair of horns on your head.
You are mostly covered in thin metallic scales. (AC +3)
When hurt, damage is shared between your health and your magic reserves.
You are immune to rotting.


Message History

* * * LOW HITPOINT WARNING * * *
The orc warrior hits you but does no damage.
The wyvern barely misses you.
You feel better. The wyvern bites you! The orc hits you but does no damage.
The orc warrior barely misses you.
Your plate armour prevents you from hitting the wyvern.
The wyvern is almost dead.
The wyvern bites you!
* * * LOW HITPOINT WARNING * * *
The orc hits you with a +0 whip.
* * * LOW HITPOINT WARNING * * *
The wyvern bites you.
* * * LOW HITPOINT WARNING * * *
The wyvern bites you but does no damage.
As you read the scroll of teleportation, it crumbles to dust.
You feel strangely unstable. The wyvern barely misses you.
The orc warrior barely misses you. The orc hits you but does no damage.
The wyvern bites you but does no damage. x2
The wyvern bites you!
You die...

....# #........ ....# #..[.....
#...# ############.#######
#...#### #..........#........
.......# #.†>÷.#.............
.......# #[.o÷.#.............
.......# #.....#.............
.......# #..lo.#....##.......
#..##.## #..@..#....##.......
#..#### #.....#....##.......
....# #.....#............. ....#
#.....#............. ....#
#.....#.............
#..###########.....#.............
#####...##...#.....#....#########
#............#.....#....##...#...
#............#.....#.........#...


You could see an orc warrior, a wyvern and an orc.

Vanquished Creatures
  A two-headed ogre (D:8)
  Pikel (D:7)
  2 orc warriors (D:7)
  2 ice beasts (D:6)
  2 ogres
  3 phantoms
  3 centaurs
  A big kobold (D:8)
  Blork the orc (D:5)
  4 bullfrogs
  A water moccasin zombie (D:5)
  2 scorpions
  A killer bee (D:7)
  8 wights
  3 howler monkeys (D:7)
  3 crimson imps
  3 hounds
  2 orc wizards
  A gnoll shaman (D:4)
  4 orc priests
  2 centaur skeletons
  5 worker ants
  A killer bee zombie (D:5)
  8 gnolls
  6 adders
  3 shadow imps (D:5)
  3 oozes
  4 worms
  4 dart slugs
  5 leopard geckos
  34 orcs
  A ball python (D:1)
  5 giant cockroaches
  5 goblins
  9 hobgoblins
  20 jackals
  10 quokkas
  5 bats
  4 frilled lizards (D:1)
  16 kobolds
  A leopard gecko zombie (D:8)
  6 rats
205 creatures vanquished.

Vanquished Creatures (others)
  3 slaves (D:7)
  3 gnolls (D:7)
  A jackal (D:7)
7 creatures vanquished.

Grand Total: 212 creatures vanquished

Notes
Turn   | Place    | Note
-------+----------+-------------------------------------------
     0 | Abyss:1  | Marnok the Demonspawn Abyssal Knight began the quest for
                  | the Orb.
     0 | Abyss:1  | Reached XP level 1. HP: 18/18 MP: 2/2
    89 | D:1      | Escaped the Abyss
   329 | D:1      | Reached * piety under Lugonu
   332 | D:1      | Gained mutation: You have a pair of small horns on your
                  | head. [demonic ancestry]
   332 | D:1      | Reached XP level 2. HP: 15/24 MP: 4/4
   510 | D:1      | Reached skill level 1 in Dodging
   785 | D:1      | Reached skill level 2 in Polearms
  1087 | D:1      | Gained mutation: You are partially covered in thin metallic
                  | scales. (AC +2) [demonic ancestry]
  1087 | D:1      | Reached XP level 3. HP: 20/29 MP: 5/5
  1460 | D:2      | Reached ** piety under Lugonu
  1629 | D:2      | Gained mutation: You have a pair of horns on your head.
                  | [demonic ancestry]
  1629 | D:2      | Reached XP level 4. HP: 24/35 MP: 6/6
  1806 | D:2      | Reached skill level 3 in Polearms
  1829 | D:2      | HP: 2/52 [poisoned by a worker ant]
  2589 | D:3      | Noticed a bullfrog
  2596 | D:3      | Killed a bullfrog
  2596 | D:3      | Reached XP level 5. HP: 27/41 MP: 7/7
  2753 | D:3      | Reached skill level 4 in Polearms
  2883 | D:3      | Found a faded altar of an unknown god.
  3944 | D:4      | Reached XP level 6. HP: 39/48 MP: 8/8
  4222 | D:4      | Found Qein's Assorted Antiques.
  4240 | D:4      | Bought a scroll labeled OSHROCV UDAVURE for 26 gold pieces
  4240 | D:4      | Bought a scroll labeled KIQIYZ LOTI for 26 gold pieces
  4240 | D:4      | Bought a scroll of identify for 52 gold pieces
  4240 | D:4      | Bought a scroll of identify for 52 gold pieces
  4389 | D:4      | Reached *** piety under Lugonu
  4710 | D:4      | Found an iron altar of Okawaru.
  4748 | D:4      | Reached skill level 1 in Stealth
  5096 | D:5      | Entered Level 5 of the Dungeon
  5102 | D:5      | Reached skill level 5 in Polearms
  5102 | D:5      | Reached XP level 7. HP: 54/54 MP: 9/9
  5184 | D:5      | Noticed Blork the orc
  5198 | D:5      | Killed Blork the orc
  5793 | D:5      | Found Sinuduh's General Store.
  5801 | D:5      | Bought 3 scrolls of identify for 84 gold pieces
  6045 | D:6      | Gained mutation: When hurt, damage is shared between your
                  | health and your magic reserves. [demonic ancestry]
  6045 | D:6      | Reached XP level 8. HP: 47/61 MP: 10/10
  6104 | D:6      | Found a sparkling altar of Nemelex Xobeh.
  6120 | D:6      | Reached skill level 6 in Polearms
  6386 | D:6      | Reached skill level 5 in Fighting
  6585 | D:6      | You fall through a shaft for 2 floors!
  6749 | D:5      | Reached **** piety under Lugonu
  7136 | D:6      | Found a sacrificial altar of Ru.
  7433 | D:7      | Found a staircase to the Ecumenical Temple.
  7443 | D:7      | Noticed Pikel
  7457 | D:7      | Killed Pikel
  7457 | D:7      | Reached skill level 7 in Polearms
  7457 | D:7      | Reached skill level 1 in Throwing
  7457 | D:7      | Gained mutation: You are mostly covered in thin metallic
                  | scales. (AC +3) [demonic ancestry]
  7457 | D:7      | Reached XP level 9. HP: 38/69 MP: 3/11
  8647 | D:7      | Reached skill level 5 in Armour
  9101 | D:7      | Found Lodeerim's Magic Scroll Shop.
  9122 | D:7      | Bought a scroll of identify for 24 gold pieces
  9122 | D:7      | Bought a scroll of teleportation for 36 gold pieces
  9122 | D:7      | Bought a scroll of identify for 24 gold pieces
  9122 | D:7      | Bought a scroll of identify for 24 gold pieces
  9122 | D:7      | Bought a scroll of teleportation for 36 gold pieces
  9122 | D:7      | Bought a scroll of teleportation for 36 gold pieces
  9291 | D:8      | Noticed a two-headed ogre
  9292 | D:8      | Reached skill level 8 in Polearms
  9305 | D:8      | Killed a two-headed ogre
  9509 | D:8      | Gained mutation: You are immune to rotting. [demonic
                  | ancestry]
  9509 | D:8      | Reached XP level 10. HP: 59/77 MP: 8/12
  9660 | D:7      | Slain by a wyvern

Skill      XL: |  1  2  3  4  5  6  7  8  9 |
---------------+----------------------------+-----
Armour         | 2 3 4 6 |  6.3
Dodging        | 1 2 3 4 |  4.9
Polearms       | 2 3 4 5 7 8 |  8.6
Fighting       | 4 5 6 |  6.3
Stealth        | 1 2 3 |  3.3
Throwing       | 1 2 |  2.2
Invocations    | |  2.8

Action                   |  1- 3 |  4- 6 |  7- 9 | 10-12 || total
-------------------------+-------+-------+-------+-------++-------
Melee: Spear             |   149 |   274 |   553 |    17 ||   993
       Headbutt          |     9 |    53 |   119 |     8 ||   189
Throw: Tomahawk          |       |       |    16 |       ||    16
Invok: Depart the Abyss  |     1 |       |       |       ||     1
  Use: Potion            |     3 |     7 |     4 |     1 ||    15
       Scroll            |       |    12 |     8 |     4 ||    24
 Stab: Sleeping          |       |     4 |     1 |       ||     5
  Eat: Chunk             |     2 |    11 |    12 |       ||    25
       Ration            |       |       |     1 |       ||     1
Armor: Leather armour    |    51 |    75 |   110 |       ||   236
       Skin              |       |     1 |       |       ||     1
       Plate armour      |       |       |   144 |    35 ||   179
Dodge: Dodged            |    92 |   185 |   277 |     7 ||   561
